 Dungeon Crawl Stone Soup version 0.29.1-2-gbd0b4ee654 (webtiles) character file.

Game seed: 8153407025571021739

1311 styxcanada the Covert (level 8, -11/40 HPs)
             Began as a Spriggan Brigand on Nov 8, 2022.
             Was an Initiate of Gozag.
             Mangled by Duvessa
             ... wielding a +0 rapier
              (21 damage)
             ... on level 5 of the Dungeon.
             The game lasted 00:19:16 (5787 turns).

styxcanada the Covert (Spriggan Brigand)            Turns: 5787, Time: 00:19:16

Health: -11/40     AC:  3    Str:  7    XL:     8   Next: 32%
Magic:  22/22      EV: 19    Int: 12    God:    Gozag
Gold:   389        SH:  0    Dex: 19    Spells: 10/13 levels left

rFire   . . .      SeeInvis +   h - +4 dagger (venom)
rCold   . . .      Faith    .   (no shield)
rNeg    + . .      Spirit   .   b - +0 robe
rPois   .          Reflect  .   (helmet restricted)
rElec   .          Harm     .   c - +0 cloak
rCorr   .          Rampage  .   (gloves unavailable)
Will    +....                   (boots unavailable)
Stlth   +++++.....              i - amulet of the acrobat
HPRegen 0.13/turn               n - ring of magical power
MPRegen 0.18/turn               v - ring of positive energy

@: very quick
A: very small, no large weapons, unfitting armour, see invisible, speed 3
a: Renounce Religion, Potion Petition, Call Merchant, Bribe Branch


You were on level 5 of the Dungeon.
You worshipped Gozag.
Gozag was aware of your devotion.
You visited 2 branches of the dungeon, and saw 6 of its levels.

You collected 470 gold pieces.
You paid 81 gold pieces to Gozag.

Inventory:

Hand Weapons
 a - a +2 dagger
 h - a +4 dagger of venom (weapon)
 p - a +2 dagger of venom
 q - a +3 sling of chaos
Missiles
 e - 2 curare-tipped darts (quivered)
 f - 58 stones
Armour
 b - a +0 robe (worn)
 c - a +0 cloak (worn)
Jewellery
 g - a ring of magical power
 i - an amulet of the acrobat (around neck)
 n - a ring of magical power (left hand)
 v - a ring of positive energy (right hand)
Scrolls
 m - a scroll of blinking
Potions
 k - 3 potions of heal wounds
 s - a potion of might
 u - a potion of resistance {unknown}
 x - a potion of cancellation {unknown}


   Skills:
 * Level 3.3 Fighting
 + Level 4.3 Short Blades
 + Level 1.2 Ranged Weapons
 + Level 2.5 Throwing
 * Level 4.5 Dodging
 * Level 11.0 Stealth
 * Level 3.1 Spellcasting
 * Level 1.8 Conjurations
 * Level 2.1 Earth Magic


You had 10 spell levels left.
You knew the following spells:

 Your Spells              Type           Power      Damage    Failure   Level
a - Stone Arrow           Conj/Erth      12%        3d7       32%         3

Your spell library contained the following spells:

 Spells                   Type           Power      Damage    Failure   Level
 Necrotise                Necr           4%         1d4       24%         1
 Vampiric Draining        Necr           1%         2d6       58%         3
 Animate Armour           Summ/Erth      8%         N/A       83%         4
 Agony                    Necr           1%         N/A       100%        5
 Lehudib's Crystal Spear  Conj/Erth      3%         10d2      100%        8


Dungeon Overview and Level Annotations

Branches:
Dungeon (5/15)             Temple (1/1) D:4

Altars:
Cheibriados
Elyvilon
Fedhas
Gozag
Okawaru
Qazlal
Sif Muna
Uskayaw
Vehumet
Wu Jian
Xom

Shops:
D:4 =

Annotations:
D:5 Duvessa


Innate Abilities, Weirdness & Mutations

You are very small and have problems with some larger weapons.
You are too small for most types of armour.
You have supernaturally acute eyesight. (SInv)
You cover ground extremely quickly. (Speed+++)


Message History

Duvessa is severely wounded.
You see here a +0 giant spiked club.
Throw: 2 darts (poison)
Press: ? - help, Q - select action, (/) - cycle Shift-Dir - straight line, f/p - Duvessa
Aim: Duvessa, wielding a +0 rapier and wearing a +0 leather armour of positive energy (severely wounded, berserk, poisoned, 66% to hit)
You throw a poisoned dart. The poisoned dart hits Duvessa.
Duvessa looks even sicker.
Duvessa is severely wounded.
Throw: dart (poison)
Press: ? - help, Q - select action, (/) - cycle Shift-Dir - straight line, f/p - Duvessa
Aim: Duvessa, wielding a +0 rapier and wearing a +0 leather armour of positive energy (severely wounded, berserk, poisoned, 66% to hit)
You throw a poisoned dart. The poisoned dart hits Duvessa.
Duvessa looks even sicker.
Duvessa is severely wounded.
Throw: 3 darts (curare)
Press: ? - help, Q - select action, (/) - cycle Shift-Dir - straight line, f/p - Duvessa
Aim: Duvessa, wielding a +0 rapier and wearing a +0 leather armour of positive energy (severely wounded, berserk, very poisoned, 66% to hit)
You throw a curare-tipped dart.
The curare-tipped dart barely misses Duvessa.
Duvessa barely misses you.
You completely miss Duvessa.
Duvessa is severely wounded.
Duvessa completely misses you. x2
You hit Duvessa but do no damage.
Duvessa looks as sick as possible!
Duvessa is severely wounded.
Duvessa closely misses you.
You hit Duvessa.
Duvessa looks as sick as possible!
Duvessa is almost dead.
Duvessa hits you with a +0 rapier.
* * * LOW HITPOINT WARNING * * *
You barely miss Duvessa.
Duvessa is almost dead.
Duvessa completely misses you.
Unknown command.
You completely miss Duvessa.
Duvessa is almost dead.
Duvessa hits you with a +0 rapier!!
Ouch! That really hurt!
You die...
Your body crumbles into a pile of gold.

#..#........#
##..........##
#...........)
######(...########
##.##..#..##
#.....#####
##...## #.e##
*#@## #.## ##*


You could see Duvessa (berserk, extremely poisoned).

Vanquished Creatures
  4 water moccasins (D:5)
  2 black bears
  2 ogres (D:5)
  A phantom (D:5)
  2 scorpions (D:4)
  Dowan (D:5)
  A howler monkey (D:5)
  3 hounds
  An iguana (D:5)
  An iron imp (D:4)
  4 adders
  3 orcs (D:5)
  4 ball pythons
  6 endoplasms
  A giant cockroach (D:3)
  9 goblins
  6 hobgoblins
  2 jackals (D:2)
  6 quokkas
  7 bats
  8 frilled lizards
  8 kobolds
  10 rats
92 creatures vanquished.

Vanquished Creatures (others)
  A hobgoblin (D:1)
1 creature vanquished.

Grand Total: 93 creatures vanquished

Notes
Turn   | Place    | Note
-------+----------+-------------------------------------------
     0 | D:1      | styxcanada the Spriggan Brigand began the quest for the
                  | Orb.
     0 | D:1      | Reached XP level 1. HP: 10/10 MP: 2/2
   196 | D:1      | Reached skill level 6 in Stealth
   323 | D:1      | Reached XP level 2. HP: 10/14 MP: 3/3
   974 | D:2      | Reached skill level 7 in Stealth
   984 | D:2      | Reached XP level 3. HP: 16/18 MP: 4/4
  2123 | D:3      | Found a faded altar of an unknown god.
  2497 | D:3      | Found a blossoming altar of Fedhas.
  2571 | D:3      | Reached XP level 4. HP: 23/23 MP: 5/5
  2594 | D:3      | Reached skill level 8 in Stealth
  2902 | D:4      | Noticed a scorpion
  2906 | D:4      | Killed a scorpion
  2907 | D:4      | Reached XP level 5. HP: 23/26 MP: 6/6
  2911 | D:4      | Learned a level 3 spell: Stone Arrow
  3022 | D:4      | Reached skill level 9 in Stealth
  3231 | D:4      | Found a staircase to the Ecumenical Temple.
  3238 | Temple   | Entered the Ecumenical Temple
  3264 | Temple   | Became a worshipper of Gozag Ym Sagoz the Greedy
  3519 | D:4      | Found Sealegg's Jewellery Shop.
  3626 | D:4      | Found a snail-covered altar of Cheibriados.
  3653 | D:4      | Reached XP level 6. HP: 8/32 MP: 7/7
  4009 | D:4      | Reached skill level 1 in Spellcasting
  4422 | D:5      | Entered Level 5 of the Dungeon
  4648 | D:5      | Reached skill level 1 in Earth Magic
  4648 | D:5      | Reached XP level 7. HP: 35/35 MP: 10/10
  4745 | D:5      | Reached skill level 10 in Stealth
  4745 | D:5      | Reached skill level 1 in Conjurations
  4795 | D:5      | Noticed Duvessa
  4795 | D:5      | Noticed Dowan
  4816 | D:5      | Noticed a yak
  4859 | D:5      | Killed Dowan
  5162 | D:5      | Reached XP level 8. HP: 14/40 MP: 13/13
  5550 | D:5      | Reached skill level 1 in Ranged Weapons
  5550 | D:5      | Reached skill level 11 in Stealth
  5787 | D:5      | Mangled by Duvessa

Illustrated notes

Levels and vault maps discovered:
D:1:      dpeg_cavernosity, layout_rooms, lemuel_flame_loot_1
D:2:      layout_rooms, minmay_misc_feat_hallway
D:3:      layout_basic, fedhas_altar_2, hellmonk_ecumenical_altar_heavens_door
D:4:      layout_loops_corners, slow_altar_2, minmay_temple_entry_overgrown,
          serial_shops, shop, minmay_misc_feat_roman, minmay_misc_feat_doors
D:5:      layout_cave_pods, hangedman_abyss_or_decor_jellyfish_corner,
          minmay_joined_circles, uniq_duvessa
Temple:   nicolae_temple_bog_church

Skill      XL: |  1  2  3  4  5  6  7  8 |
---------------+-------------------------+-----
Stealth        | 6 7 8 9 10 11 | 11.0
Dodging        | 2 3 4 |  4.5
Fighting       | 2 3 |  3.3
Short Blades   | 3 4 |  4.3
Spellcasting   | 1 2 3 |  3.1
Earth Magic    | 1 2 |  2.1
Conjurations   | 1 |  1.8
Ranged Weapons | 1 |  1.2
Throwing       | |  2.5

Action                   |  1- 3 |  4- 6 |  7- 9 || total
-------------------------+-------+-------+-------++-------
Melee: Dagger            |   124 |    59 |    54 ||   237
       Punch             |     1 |     2 |       ||     3
 Fire: Sling             |       |       |    26 ||    26
Throw: Dart              |       |    11 |    14 ||    25
  Use: Scroll            |       |    11 |     3 ||    14
       Potion            |       |       |     1 ||     1
 Stab: Sleeping          |    18 |     3 |     3 ||    24
       Distracted        |     1 |       |       ||     1
Armor: Robe              |    12 |     2 |     1 ||    15
Dodge: Dodged            |    89 |    40 |    49 ||   178
